 Dungeon Sprint DCSS version 0.30-a0-737-gf23d94013f (webtiles) character file.

Game seed: 1992067913906050984

454 sircluck the Cleaver (level 7, -3/69 HPs)
             Began as a Hill Orc Fighter on Feb 1, 2023.
             Killed from afar by a steam dragon (13 damage)
             ... with a ball of steam
             ... in the Dungeon (Sprint IX: "|||||||||||||||||||||||||||||").
             The game lasted 00:04:35 (302 turns).

sircluck the Cleaver (Hill Orc Fighter)              Turns: 302, Time: 00:04:35

Health: -3/69      AC: 18    Str: 21    XL:     7   Next: 5%
Magic:  7/7        EV:  8    Int:  8    God:
Gold:   0          SH:  5    Dex: 10    Spells: 6/6 levels left

rFire   . . .      SeeInvis .    s - +3 war axe (heavy)
rCold   . . .      Faith    .    c - +0 buckler
rNeg    . . .      Spirit   .    v - +1 chain mail
rPois   .          Reflect  .    u - +0 helmet
rElec   .          Harm     .    t - +0 cloak
rCorr   .          Rampage  .    (no gloves)
Will    .....      NoTele   +    (no boots) Stlth
                                 (no amulet)
HPRegen 0.31/turn                w - +2 ring of protection
MPRegen 0.10/turn                x - +2 ring of protection

@: on berserk cooldown, slowed, very slow
A: no striking features
a: no special abilities


You were in the Dungeon.
You visited 1 branch

Inventory:

Hand Weapons
 a - a +0 war axe
 n - a +2 heavy dire flail
 o - the +2 halberd "Gavag" {heavy, rElec Str+2}
   (You found it in the Dungeon)

   Str:       It affects your strength (+2).
   rElec:     It insulates you from electricity.
 p - a +4 quarterstaff of speed
 q - a +2 rapier of distortion
 r - a +2 scimitar of flaming
 s - a +3 heavy war axe (weapon)
Armour
 b - a +0 scale mail
 c - a +0 buckler (worn)
 t - a +0 cloak (worn)
 u - a +0 helmet (worn)
 v - a +1 chain mail (worn)
Jewellery
 w - a +2 ring of protection (left hand)
 x - a +2 ring of protection (right hand)
Wands
 m - a wand of roots (10)
Scrolls
 j - 2 scrolls of blinking
 l - 2 scrolls of amnesia
Potions
 d - a potion of might
 e - 2 potions of curing
 f - 3 potions of heal wounds
 g - a potion of haste
 h - 4 potions of magic
 k - a potion of invisibility


   Skills:
 + Level 8.5 Fighting
 + Level 11.7 Axes
 + Level 8.4 Armour
 + Level 1.4 Dodging
 + Level 7.6 Shields


You had 6 spell levels left.
You didn't know any spells.
Your spell library was empty.

Dungeon Overview and Level Annotations

Branches:
Dungeon (1/1)

Altars:
Cheibriados
Dithmenos
Elyvilon
Fedhas
Gozag
Hepliaklqana
Kikubaaqudgha
Makhleb
Nemelex Xobeh
Okawaru
Qazlal
Ru
Sif Muna
Trog
Uskayaw
Vehumet
Wu Jian
Xom
Yredelemnul
Zin
The Shining One
Beogh
Jiyva
Lugonu


Message History

You have reached level 6!
You have reached level 7!
You feel a strong urge to attack something.
The killer bee attacks as you move away!
The killer bee stings you but does no damage. x2
You feel your anger nearly subside.
You are no longer berserk.
You are exhausted.
You feel yourself slow down. You block the killer bee's attack.
The killer bee closely misses you. The killer bee closely misses you.
You block the killer bee's attack.
The killer bee attacks as you move away!
You block the killer bee's attack. The killer bee closely misses you. x2
The killer bee barely misses you. The killer bee stings you.
* * * LOW HITPOINT WARNING * * *
The killer bee attacks as you move away!
You block the killer bee's attack.
The killer bee stings you but does no damage.
The killer bee barely misses you.
There is an open door here.
The killer bee barely misses you. You block the killer bee's attack.
There is a glowing golden altar of the Shining One here.
The killer bee barely misses you. x2
There is a glowing silver altar of Zin here.
The killer bee barely misses you.
The killer bee stings you but does no damage.
There is a basalt altar of Yredelemnul here.
The killer bee stings you.
* * * LOW HITPOINT WARNING * * *
The killer bee stings you but does no damage.
There is a shimmering altar of Xom here.
The killer bee attacks as you move away!
The killer bee stings you but does no damage.
You block the killer bee's attack.
The killer bee stings you but does no damage.
There is an ornate altar of the Wu Jian Council here.
You slash the killer bee!
You kill the killer bee!
The steam dragon breathes steam at you. The ball of steam hits you!
You die...

▓.▓
▓.▓
▓.▓
▓'▓
▓K▓
▓_▓
▓o▓
▓D▓
▓@▓
▓_▓
▓_▓
▓_▓
▓_▓
▓_▓
▓_▓
▓_▓
▓_▓


You could see a steam dragon (catching breath), an orc warrior and a kobold
brigand.

Vanquished Creatures
  A gargoyle (D)
  A yak (D)
  A killer bee (D)
  An adder (D)
  A worm (D)
  3 orcs (D)
  An endoplasm (D)
  3 goblins (D)
  A rat (D)
13 creatures vanquished.

Notes
Turn   | Place    | Note
-------+----------+-------------------------------------------
     0 | D        | sircluck the Hill Orc Fighter began the quest for the Orb.
     0 | D        | Reached XP level 1. HP: 19/19 MP: 1/1
    10 | D        | Reached skill level 3 in Axes
    68 | D        | Reached XP level 2. HP: 27/27 MP: 2/2
    76 | D        | Reached skill level 4 in Axes
    83 | D        | Reached XP level 3. HP: 33/35 MP: 3/3
    89 | D        | Found a roughly hewn altar of Beogh.
    89 | D        | Found a snail-covered altar of Cheibriados.
    89 | D        | Found a shadowy altar of Dithmenos.
    89 | D        | Found a white marble altar of Elyvilon.
    89 | D        | Found a blossoming altar of Fedhas.
    89 | D        | Found an opulent altar of Gozag.
    90 | D        | Found a hazy altar of Hepliaklqana.
    91 | D        | Found a viscous altar of Jiyva.
    92 | D        | Found an ancient bone altar of Kikubaaqudgha.
    93 | D        | Found a corrupted altar of Lugonu.
    94 | D        | Found a burning altar of Makhleb.
    95 | D        | Found a sparkling altar of Nemelex Xobeh.
    96 | D        | Found an iron altar of Okawaru.
    97 | D        | Found a stormy altar of Qazlal.
    98 | D        | Found a sacrificial altar of Ru.
    99 | D        | Found a shimmering blue altar of Sif Muna.
   100 | D        | Found a bloodstained altar of Trog.
   101 | D        | Found a hide-covered altar of Uskayaw.
   102 | D        | Found a radiant altar of Vehumet.
   111 | D        | Found an ornate altar of the Wu Jian Council.
   112 | D        | Found a shimmering altar of Xom.
   113 | D        | Found a basalt altar of Yredelemnul.
   114 | D        | Found a glowing silver altar of Zin.
   115 | D        | Found a glowing golden altar of the Shining One.
   237 | D        | Got the +2 halberd "Gavag" {heavy, rElec Str+2}
   274 | D        | Noticed a kobold brigand
   274 | D        | Noticed an orc warrior
   274 | D        | Noticed a steam dragon
   274 | D        | Noticed a killer bee
   274 | D        | Noticed a gargoyle
   274 | D        | Noticed a yak
   279 | D        | Killed a yak
   280 | D        | Reached skill level 8 in Axes
   280 | D        | Reached XP level 4. HP: 31/45 MP: 4/4
   280 | D        | Reached XP level 5. HP: 36/51 MP: 5/5
   287 | D        | Killed a gargoyle
   288 | D        | Reached skill level 11 in Axes
   288 | D        | Reached skill level 1 in Dodging
   288 | D        | Reached XP level 6. HP: 15/62 MP: 6/6
   288 | D        | Reached XP level 7. HP: 17/69 MP: 7/7
   302 | D        | Killed from afar by a steam dragon

Illustrated notes

Levels and vault maps discovered:
D:        linesprint [early_d, line_temple, items_1, d_10, items_2, lair_1,
          lair_end, items_3, orc_1, orc_end, items_4, d_15, swamp_1, shoals_1,
          snake_1, spider_1, d_20, vaults_1, items_5, swamp_end, shoals_end,
          snake_end, spider_end, vaults_end, d_27, items_6, zot_1, zot_end,
          crypt_end, forest_end, elf_end, slime_end, tomb_end, abyss_end,
          pan_hell_end]

Skill      XL: |  1  2  3  4  5 |
---------------+----------------+-----
Fighting       | 4 6 8 |  8.5
Axes           | 3 4 8 11 | 11.7
Shields        | 4 6 7 |  7.6
Armour         | 4 6 8 |  8.4
Dodging        | 1 |  1.4

Action                     |  1- 3 |  4- 6 |  7- 9 || total
---------------------------+-------+-------+-------++-------
  Melee: War axe           |    33 |     4 |     1 ||    38
    Use: Potion            |       |     4 |       ||     4
 Armour: Scale mail        |     8 |       |       ||     8
         Chain mail        |     4 |       |     7 ||    11
  Dodge: Dodged            |    11 |     2 |    10 ||    23
  Block: Buckler           |     2 |     1 |     6 ||     9

Table legend: (Time is in decaauts)
 A = Elapsed time spent in this place.
 B = Non-inter-level travel time spent in this place.
 C = Inter-level travel time spent in this place.
 D = Time resting spent in this place.
 E = Time spent auto-exploring this place.
 F = Levels seen in this place.
 G = Mean time per level.
                   A        B        C        D        E       F      G
               +--------+--------+--------+--------+--------+-----+--------+
         Total |    321 |    321 |      0 |     44 |      0 |   1 |  321.0 |
       Dungeon |    321 |    321 |      0 |     44 |      0 |   1 |  321.0 |
               +--------+--------+--------+--------+--------+-----+--------+

Top non-repeatable levels by time:
       D: 321 daAuts
